[Event "Saint Louis Masters"]
[Date "2024.12.05"]
[White "Zhou, Jianchao"]
[Black "Kacharava, Nikolozi"]
[WhiteElo "2572"]
[BlackElo "2510"]
[Round "6.6"]
[Result "1/2-1/2"]
[TimeControl "5400+30"]

1. c4 e5 2.
Nc3 d6 3.
Nf3 f5 4. d4 e4 5. Ng1 Be7 6. Bf4 Nf6 7. e3 c6 8. h4 Na6 9. Nh3 Nc7 10. Be2 O-O 11. Bg3 Kh8 12. h5 Qe8 13. d5 c5 14. Nf4 Nd7 15. h6 g6 16. Ne6 Nxe6 17.
dxe6 Ne5 18.
Qd5 Rf6 19.
Nb5 Qc6 20.
Qxc6 bxc6 21. Nxd6 Bxd6 22. O-O-O Nd3+ 23. Bxd3 Bxg3 24. e7 Ba6 25. fxg3 exd3 26. Rxd3 Rg8 27. b3 Re6 28. Rd7 Re8 29. Rxa7 Bc8 30. Rd1 Kg8 31. Rd8 Kf7 32. Ra8 Bd7 33. Ra7 Bc8 34. Ra8 Bd7 35. Ra7 1/2-1/2

[Site "Europe Echecs"]

[Event "Saint Louis Masters"]
[Date "2024.12.05"]
[White "Swiercz, Dariusz"]
[Black "Robson, Ray"]
[WhiteElo "2574"]
[BlackElo "2700"]
[Round "6.7"]
[Result "1/2-1/2"]
[TimeControl "5400+30"]

1. e4 c5 2.
Nf3 d6 3.
Bb5+ Bd7 4.
Bxd7+ Nxd7 5. c4 e6 6.
Nc3 Ne5 7.
d4 Nxf3+ 8.
gxf3 cxd4 9.
Qxd4 Ne7 10.
b3 Nc6 11.
Qe3 Nb4 12.
Qe2 g6 13.
Bb2 Bg7 14.
O-O-O O-O 15. Kb1 a6 16. c5 d5 17. exd5 exd5 18. Nxd5 Nxd5 19. Bxg7 Re8 20. Qc4 Kxg7 21. Rxd5 Qf6 22. f4 Rad8 23. Rhd1 Rxd5 24. Rxd5 Re1+ 25. Kc2 Rh1 26. Rd6 Qf5+ 27. Kb2 Rxh2 28. Qd4+ Kh6 29. Rb6 Qg4 30. Ka3 Qg1 31. f5 Rxf2 32. Qh4+ Kg7 33. Qf6+ Kh6 34. Qh4+ Kg7 35. Qf6+ Kh6 36. Qh4+ 1/2-1/2

[Site "Europe Echecs"]

[Event "Saint Louis Masters"]
[Date "2024.12.05"]
[White "Sevian, Samuel"]
[Black "Khanin, Semen"]
[WhiteElo "2696"]
[BlackElo "2568"]
[Round "6.8"]
[Result "1-0"]
[TimeControl "5400+30"]

1. e4 e5 2.
Nf3 Nc6 3.
Bc4 Nf6 4.
d3 Bc5 5. c3 d6 6. Bg5 h6 7. Bh4 a6 8. Nbd2 Ba7 9. O-O g5 10. Bg3 Qe7 11. b4 Nd7 12. b5 Na5 13. bxa6 bxa6 14. Qa4 Bb6 15. Bd5 Rb8 16. d4 O-O 17. Nb3 Nxb3 18.
axb3 a5 19.
Rfe1 h5 20.
h4 g4 21.
Nh2 Nf6 22.
Bc6 Bd7 23.
Bxd7 Qxd7 24. dxe5 Qxa4 25. Rxa4 dxe5 26. Bxe5 Nd7 27. Bd4 g3 28. fxg3 Nc5 29. Ra3 Rfe8 30. e5 Nxb3 31. Bxb6 Rxb6 32. g4 hxg4 33. Nxg4 f5 34. Nh2 Ra8 35. e6 Kf8 36. Nf1 f4 37. Re4 Ke7 38. Rxf4 Kxe6 39. Ne3 Nc5 40. Rc4 Rb1+ 41. Kh2 Kd6 42. h5 a4 43. h6 Rb3 44. Ra1 a3 45. Nc2 Ne6 46. Rd1+ Ke7 47. Re4 Rb6 48. Nb4 Rd6 49. Ra1 c5 50. Nc2 a2 51. Rh4 Rda6 52. h7 Rh8 53. Rh6 Kf7 54. Ne3 Nc7 55. Rxa6 Rxh7+ 56. Kg3 Nxa6 57. Rxa2 Nc7 58. Ra5 Rg7+ 59. Kf3 Kf6 60. Rxc5 Ne6 61. Rf5+ Ke7 62. Ra5 Rg8 63. Ke4 Rb8 64. Ke5 Nf8 65. Nf5+ Kd7 66. Kd5 Ne6 67. Ke5 Nc7 68. g4 Re8+ 69. Kf6 Rf8+ 70. Kg6 Ne6 71. Ra7+ Kc6 72. Nd4+ Nxd4 73. cxd4 Rf4 74. g5 Kd6 75. d5 Rf1 76. Rf7 Kxd5 1-0

[Site "Europe Echecs"]

[Event "Saint Louis Masters"]
[Date "2024.12.06"]
[White "Woodward, Andy"]
[Black "Shankland, Sam"]
[WhiteElo "2530"]
[BlackElo "2672"]
[Round "6.9"]
[Result "0-1"]
[TimeControl "5400+30"]

1. d4 Nf6 2.
c4 e6 3. g3 c5 4. d5 exd5 5. cxd5 d6 6. Nc3 g6 7. Bg2 Bg7 8. Nf3 O-O 9. O-O Re8 10. Bf4 Na6 11. Re1 Bg4 12. h3 Bxf3 13.
Bxf3 Nd7 14.
Bg2 Ne5 15.
Rb1 Rc8 16.
a3 c4 17.
Ne4 Nc5 18.
Bg5 Qd7 19.
Nxc5 Rxc5 20. Be3 Rb5 21. Bd2 Rb3 22. Bc3 Qc8 23. Rc1 b5 24. Kh2 Qc5 25. Kg1 a5 26. Bxa5 Rxb2 27. Bb4 Qb6 28. Rc2 Rb3 29. Kf1 Nd7 30. Rc1 Bd4 31. e3 Bc5 32. Rb1 Bxb4 33. axb4 Ra3 34. h4 Qd8 35. Qc1 Ra4 36. Ra1 Rxb4 37. Qa3 Rb3 38. Qxd6 Ne5 39. Qxd8 Rxd8 40. Reb1 Rxb1+ 41. Rxb1 c3 42. Be4 Nc4 43. Ke2 Nd2 44. Rb4 Nxe4 0-1

[Site "Europe Echecs"]

[Event "Saint Louis Masters"]
[Date "2024.12.06"]
[White "Bok, Benjamin"]
[Black "Vazquez, Guillermo"]
[WhiteElo "2593"]
[BlackElo "2569"]
[Round "6.10"]
[Result "1/2-1/2"]
[TimeControl "5400+30"]

1. c4 e5 2.
Nc3 Nf6 3.
Nf3 Nc6 4.
e3 Bb4 5.
Qc2 Bxc3 6.
Qxc3 Qe7 7.
a3 d5 8. d4 exd4 9. Nxd4 Nxd4 10.
Qxd4 c5 11.
Qh4 Be6 12.
cxd5 Nxd5 13. Bb5+ Bd7 14. Qxe7+ Kxe7 15. Be2 Nc7 16. Bd2 a5 17. Bf3 Ra7 18. h4 h5 19. O-O Bg4 20. Be4 Rd8 21. Bc3 g6 22. f3 Be6 23. Rfd1 Nd5 24. Bd2 Nb6 25. Bc2 Nc4 26. Bc1 1/2-1/2

[Site "Europe Echecs"]

[Event "Saint Louis Masters"]
[Date "2024.12.06"]
[White "Caruana, Fabiano"]
[Black "Heimann, Mark"]
[WhiteElo "2805"]
[BlackElo "2459"]
[Round "7.1"]
[Result "1-0"]
[TimeControl "5400+30"]

1. c4 e6 2.
g3 d5 3. Bg2 d4 4. b4 c6 5. a3 a5 6. b5 cxb5 7. cxb5 a4 8. Nf3 Bc5 9. Bb2 Ne7 10. Qc2 Bb6 11. e3 Nf5 12. Nxd4 Nxd4 13.
Bxd4 Bxd4 14. exd4 O-O 15. Qc4 Nd7 16. Nc3 e5 17. d5 Nb6 18. Qe2 Bf5 19. O-O Re8 20. Rfe1 Bg6 21. h4 f5 22. h5 Bf7 23. h6 g6 24. Rab1 Nxd5 25. Rbc1 Re7 26. Nxd5 Bxd5 27. Rc5 Bxg2 28. Qc4+ Kf8 29. Kxg2 Qd6 30. Rd5 Qf6 31. Qc3 f4 32. Rdxe5 Rf7 33. Qc5+ Kg8 34. Re8+ Rf8 35. Qd5+ Kh8 36. Rxa8 Rxa8 37. Re6 f3+ 38. Qxf3 1-0

[Site "Europe Echecs"]

[Event "Saint Louis Masters"]
[Date "2024.12.06"]
[White "Hakobyan, Aram"]
[Black "Sevian, Samuel"]
[WhiteElo "2625"]
[BlackElo "2696"]
[Round "7.2"]
[Result "1/2-1/2"]
[TimeControl "5400+30"]

1. d4 Nf6 2.
c4 e6 3. Nc3 Bb4 4. Nf3 d5 5. Bg5 h6 6. Bxf6 Qxf6 7. e3 O-O 8. Be2 dxc4 9. O-O Bxc3 10.
bxc3 Nc6 11.
Bxc4 Rd8 12.
Bd3 Rb8 13.
Qc2 b6 14.
Rad1 Bb7 15.
Bh7+ Kh8 16.
Be4 Kg8 17.
c4 Qe7 18.
Qc3 Qb4 19.
Qxb4 Nxb4 20. Bxb7 Rxb7 21. a3 1/2-1/2

[Site "Europe Echecs"]

[Event "Saint Louis Masters"]
[Date "2024.12.06"]
[White "Shankland, Sam"]
[Black "Can, Isik"]
[WhiteElo "2672"]
[BlackElo "2499"]
[Round "7.3"]
[Result "0-1"]
[TimeControl "5400+30"]

1. Nf3 d5 2. g3 g6 3. Bg2 Bg7 4. O-O e5 5. d3 Nc6 6. Nbd2 Nge7 7. c4 O-O 8. Rb1 a5 9. b3 h6 10. cxd5 Nxd5 11. Bb2 b6 12. Nc4 Re8 13. a3 b5 14. Ncd2 Ra6 15. Ne4 Nd4 16. Rc1 b4 17. e3 Nb5 18. a4 Nbc3 19. Nxc3 Nxc3 20.
Bxc3 bxc3 21. Rxc3 e4 22. Nd4 Bxd4 23. exd4 e3 24. fxe3 Rxe3 25. d5 Rf6 26. Qd2 Rxf1+ 27. Bxf1 Re5 28. Bg2 Qe7 29. Rc1 Re2 30. d6 Qe6 31. Qf4 g5 32. Qf3 Bb7 33. Bh3 Qe5 34. dxc7 Qd4+ 35. Kf1 Bxf3 36. c8=Q+ Kg7 37. Qc3 Rf2+ 38. Ke1 Re2+ 39. Kf1 Qxc3 40. Rxc3 Rxh2 41. Bf5 Kf6 42. Be4 Bxe4 43. dxe4 Ke5 44. Rc5+ Kxe4 45. Rxa5 Kf3 46. Rf5+ Kxg3 47. Rxf7 h5 48. a5 g4 49. Rc7 Ra2 50. b4 Ra1+ 51. Ke2 h4 52. b5 Rxa5 53. Rc3+ Kg2 54. Rc4 g3 0-1

[Site "Europe Echecs"]

[Event "Saint Louis Masters"]
[Date "2024.12.06"]
[White "Oparin, Grigoriy"]
[Black "Kevlishvili, Robby"]
[WhiteElo "2653"]
[BlackElo "2556"]
[Round "7.4"]
[Result "1-0"]
[TimeControl "5400+30"]

1. c4 e6 2.
g3 d5 3. Bg2 Nf6 4. Nf3 dxc4 5. Qa4+ Nbd7 6. Qxc4 a6 7. Qc2 c5 8. Nc3 Ra7 9. O-O b5 10. d4 Bb7 11. Be3 Ng4 12. Bg5 Qa8 13. d5 exd5 14. e4 d4 15. Nd5 Bd6 16. b4 O-O 17. bxc5 Rc8 18. Nxd4 Bxc5 19. Qb2 Nde5 20.
Rad1 Nc4 21.
Qe2 Nge5 22.
Nf5 Kh8 23.
Qh5 Bxd5 24.
exd5 f6 25.
d6 Qb8 26.
Bf4 Nxd6 27.
Bxe5 fxe5 28. Nh4 Nf7 29. Be4 Nh6 30. g4 Qb6 31. g5 g6 32. Qxh6 Bf8 33. Nxg6+ Qxg6 34. Qxg6 hxg6 35. Rd5 Rc4 36. f3 Kg7 37. Rfd1 Bc5+ 38. Kg2 Re7 39. h4 Kf7 40. Rd8 Rd4 41. R1xd4 exd4 42. Rc8 Bd6 43. Rc6 Ke6 44. Rxa6 Rg7 45. f4 d3 46. Bxd3 Kd5 47. Kf3 Rf7 48. Be4+ 1-0

[Site "Europe Echecs"]

[Event "Saint Louis Masters"]
[Date "2024.12.06"]
[White "Kacharava, Nikolozi"]
[Black "Donchenko, Alexander"]
[WhiteElo "2510"]
[BlackElo "2618"]
[Round "7.5"]
[Result "1/2-1/2"]
[TimeControl "5400+30"]

1. e4 c6 2.
d4 d5 3. e5 Bf5 4. h4 h5 5. Bd3 Bxd3 6. Qxd3 Qa5+ 7. Nd2 e6 8. Ngf3 Nh6 9. c3 Nf5 10. a4 Be7 11. b4 Qd8 12. Nb3 b6 13. Bg5 Nd7 14. Qe2 a5 15. bxa5 bxa5 16. Rb1 g6 17. g3 Kf8 18. Kf1 Kg7 19. Kg2 Qc7 20. Bxe7 Nxe7 21. Rb2 Rab8 22.
Rhb1 Nf5 23.
Nc5 Rxb2 24.
Qxb2 Rb8 25.
Qc1 Nxc5 26.
dxc5 Qd8 27.
Rxb8 Qxb8 28. Qg5 Kg8 29. Qf6 Qe8 30. Nd4 Nxd4 31. cxd4 Qb8 32. Qe7 Kg7 33. Qf6+ Kg8 34. Qe7 Kg7 1/2-1/2

[Site "Europe Echecs"]

[Event "Saint Louis Masters"]
[Date "2024.12.06"]
[White "Dudin, Gleb"]
[Black "Zhou, Jianchao"]
[WhiteElo "2506"]
[BlackElo "2572"]
[Round "7.6"]
[Result "1/2-1/2"]
[TimeControl "5400+30"]

1. d4 Nf6 2.
c4 g6 3. Nc3 Bg7 4. e4 d6 5. Be2 O-O 6. Be3 Nc6 7. d5 Ne5 8. Nf3 Nfg4 9. Bg5 Nxf3+ 10.
Bxf3 Bxc3+ 11. bxc3 f6 12. Bh4 Ne5 13. Be2 g5 14. Bg3 Kh8 15. h4 g4 16. c5 Rg8 17. Qd4 Nd7 18. cxd6 cxd6 19. O-O b6 20. a4 a5 21. Bb5 Ne5 22. Rab1 Qc7 23. Bxe5 fxe5 24. Qe3 Ba6 25. c4 1/2-1/2

[Site "Europe Echecs"]

[Event "Saint Louis Masters"]
[Date "2024.12.06"]
[White "Cordova, Emilio"]
[Black "Saric, Ivan"]
[WhiteElo "2531"]
[BlackElo "2669"]
[Round "7.7"]
[Result "1/2-1/2"]
[TimeControl "5400+30"]

1. Nf3 d5 2.
g3 Bg4 3.
Bg2 c6 4. h3 Bxf3 5. Bxf3 e5 6. d3 Nf6 7. O-O Nbd7 8. e4 dxe4 9. dxe4 Bc5 10. a4 a5 11. Nd2 O-O 12. Qe2 Qe7 13. Rd1 Rfe8 14. Kg2 Nf8 15. Nc4 Ne6 16. c3 Qc7 17. h4 h6 18. Bd2 Red8 19. Be1 Rxd1 20.
Rxd1 b5 21.
axb5 cxb5 22. Ne3 Bxe3 23. Qxe3 a4 24. Qd3 Rb8 25. Qd6 Qxd6 26. Rxd6 Nc5 27. Be2 Ncxe4 28. Rc6 Ne8 29. f3 N4d6 30. Bf2 Nc4 31. Bxc4 bxc4 32. Rxc4 Rxb2 33. Rxa4 Nd6 34. c4 Rc2 35. c5 Nf5 36. Kf1 f6 37. g4 Ne7 38. f4 exf4 39. Rxf4 Ng6 40. Rd4 Ne5 41. g5 hxg5 42. hxg5 fxg5 43. Rd5 Nf7 44. Be3 g4 45. Bd2 Kf8 46. Bg5 Ke8 47. Kg1 Kf8 48. Kf1 Nh6 49. Rd4 Nf5 50. Rxg4 Kf7 51. c6 Rxc6 52. Bd2 Rd6 53. Ke2 Nd4+ 54. Kf2 Ne6 55. Be3 Rd5 56. Kf3 g5 57. Re4 Kf6 58. Kg4 Rd1 59. Ra4 Re1 60. Ra3 Rh1 61. Ra6 Rh4+ 62. Kg3 Re4 63. Kf3 Rc4 1/2-1/2

[Site "Europe Echecs"]

[Event "Saint Louis Masters"]
[Date "2024.12.06"]
[White "Robson, Ray"]
[Black "Quesada Perez, Yasser"]
[WhiteElo "2700"]
[BlackElo "2577"]
[Round "7.8"]
[Result "1-0"]
[TimeControl "5400+30"]

1. Nf3 d5 2.
g3 Nf6 3.
Bg2 g6 4. c4 c6 5. b3 Bg7 6. Bb2 O-O 7. O-O Bg4 8. d4 Bxf3 9. Bxf3 e6 10. Nd2 Nbd7 11. e3 Re8 12. Bg2 a5 13. a4 Rc8 14. Qc2 c5 15. Rac1 cxd4 16.
Bxd4 Nb8 17.
Rfd1 Nc6 18.
Bxf6 Bxf6 19. cxd5 exd5 20. Ne4 Bd4 21. exd4 dxe4 22. Bxe4 Qd7 23. Qd3 Nb4 24. Qf3 Rxc1 25. Rxc1 Re7 26. d5 f5 27. Bd3 Kg7 28. Bc4 Qd6 29. Qc3+ Kh6 30. Rd1 Re4 31. Rd4 Qf6 32. Qd2+ Kg7 33. Rxe4 fxe4 34. d6 Nc6 35. Qd5 e3 36. fxe3 Qa1+ 37. Kg2 Qb2+ 38. Kh3 Ne5 39. Qg8+ Kh6 40. Qf8+ Kh5 41. Qf4 g5 42. g4+ Kg6 43. Qf5+ 1-0

[Site "Europe Echecs"]

[Event "Saint Louis Masters"]
[Date "2024.12.06"]
[White "Vazquez, Guillermo"]
[Black "Mishra, Abhimanyu"]
[WhiteElo "2569"]
[BlackElo "2616"]
[Round "7.9"]
[Result "1/2-1/2"]
[TimeControl "5400+30"]

1. e4 c5 2.
Nf3 d6 3. d4 cxd4 4. Qxd4 Nc6 5. Bb5 Bd7 6. Qd3 g6 7. O-O Bg7 8. c4 Nf6 9. Nc3 O-O 10. h3 a6 11. Bxc6 Bxc6 12. Nd4 Qb6 13. Rd1 Nd7 14. Be3 Qxb2 15.
Rab1 Qa3 16.
Nxc6 bxc6 17. Nd5 Qxd3 18. Nxe7+ Kh8 19. Rxd3 Ne5 20. Rxd6 Rae8 21. Rb7 Nxc4 22. Rd3 Nxe3 23. Rxe3 Bd4 24. Re2 c5 25. Nc6 Bg7 26. e5 Re6 27. Rc7 Rfe8 28. Rc2 Bxe5 29. Nxe5 Rxe5 30. R7xc5 1/2-1/2

[Site "Europe Echecs"]

[Event "Saint Louis Masters"]
[Date "2024.12.06"]
[White "Theodorou, Nikolas"]
[Black "Nyzhnyk, Illya"]
[WhiteElo "2600"]
[BlackElo "2564"]
[Round "7.10"]
[Result "1/2-1/2"]
[TimeControl "5400+30"]

1. d4 Nf6 2.
c4 e6 3. Nf3 d5 4. g3 Be7 5. Bg2 O-O 6. Nc3 b6 7. cxd5 exd5 8. O-O Bb7 9. Ne5 h6 10. Bf4 c6 11. e4 Na6 12. Rc1 dxe4 13.
Nxe4 Nb4 14.
Re1 Nbd5 15.
Bd2 Rc8 16.
Qa4 a5 17.
Nxc6 Rxc6 18. Rxc6 Nxe4 19. Bxe4 Qd7 20. Rec1 Bb4 21. Bh7+ Kh8 22. Bb1 g6 23. Bxh6 Re8 24. Bd3 Nc3 25. bxc3 Bxc6 26. Qb3 a4 27. Qd1 Qd5 28. f3 Bxc3 29. Be2 Qxa2 30. Kf1 Bb5 31. Bxb5 Re1+ 32. Qxe1 Bxe1 33. Kxe1 Qb2 34. Bxa4 Qb4+ 35. Bd2 Qxa4 36. d5 Kh7 37. d6 Qd4 38. Bf4 g5 39. Rd1 Qg1+ 40. Kd2 Qf2+ 41. Kc1 Qc5+ 42. Kb2 Qb4+ 43. Kc2 Qa4+ 44. Kc1 Qc6+ 45. Kb2 Qd7 46. Be3 Kg6 47. Rd3 Kf5 48. Ka3 Qb5 49. Rd4 Qe2 50. Bd2 Qa6+ 51. Kb3 Qb5+ 52. Bb4 Qd7 53. h4 gxh4 54. gxh4 Ke5 55. Bc3 Ke6 56. Kc2 b5 57. Kd2 f5 58. h5 b4 59. Bxb4 Qg7 60. Kd3 Kd7 61. Bd2 Qg3 62. h6 Qxf3+ 63. Kc2 Qc6+ 64. Bc3 Qg2+ 65. Bd2 f4 66. Rxf4 Qg6+ 67. Kc3 Kxd6 68. Rb4 Kd5 69. Kb2 Qf6+ 70. Kc2 Qg6+ 71. Kb2 Qf6+ 72. Kc2 1/2-1/2

[Site "Europe Echecs"]

[Event "Saint Louis Masters"]
[Date "2024.12.06"]
[White "Oparin, Grigoriy"]
[Black "Caruana, Fabiano"]
[WhiteElo "2653"]
[BlackElo "2805"]
[Round "8.1"]
[Result "1/2-1/2"]
[TimeControl "5400+30"]

1. e4 e5 2.
Nf3 Nf6 3.
Nc3 Nc6 4.
Bb5 Bb4 5.
O-O O-O 6.
Bxc6 dxc6 7.
Nxe5 Bxc3 8.
dxc3 Nxe4 9.
Bf4 Bf5 10.
Nd3 Nd6 11.
Re1 Re8 12.
Qf3 Bxd3 13.
cxd3 Qd7 14.
Bxd6 cxd6 15. Re3 Re5 16. Rae1 Rae8 17. d4 1/2-1/2

[Site "Europe Echecs"]

[Event "Saint Louis Masters"]
[Date "2024.12.06"]
[White "Can, Isik"]
[Black "Hakobyan, Aram"]
[WhiteElo "2499"]
[BlackElo "2625"]
[Round "8.2"]
[Result "1/2-1/2"]
[TimeControl "5400+30"]

1. e4 e6 2.
d4 d5 3. Nc3 Nf6 4. Bg5 dxe4 5. Nxe4 Nbd7 6. Nf3 Be7 7. Nxf6+ Bxf6 8. Bxf6 Nxf6 9. Bb5+ Bd7 10. Bd3 c5 11. dxc5 Qa5+ 12. c3 Qxc5 13. Qe2 O-O 14. Ne5 Rfd8 15.
O-O-O Be8 16. Kb1 Rac8 17. h4 Rd5 1/2-1/2

[Site "Europe Echecs"]

[Event "Saint Louis Masters"]
[Date "2024.12.06"]
[White "Heimann, Mark"]
[Black "Robson, Ray"]
[WhiteElo "2459"]
[BlackElo "2700"]
[Round "8.3"]
[Result "1/2-1/2"]
[TimeControl "5400+30"]

1. e4 c5 2.
Nf3 d6 3. d4 cxd4 4. Nxd4 Nf6 5. Nc3 a6 6. h4 e5 7. Nb3 Be7 8. Bg5 Be6 9. Bxf6 Bxf6 10. g3 O-O 11. Qd2 Nc6 12.
O-O-O Nd4 13. Kb1 Rc8 14. Bd3 Re8 15. Nxd4 exd4 16. Nd5 Bxd5 17. exd5 h6 18. Qf4 Re5 19. Qg4 Rc5 20. Rhe1 Rcxd5 21. f4 Re3 22. Rxe3 dxe3 23. Bh7+ Kxh7 24. Rxd5 Qb6 25. Qf5+ Kg8 26. Qc8+ Kh7 27. Qf5+ Kg8 28. Qc8+ Kh7 1/2-1/2

[Site "Europe Echecs"]

[Event "Saint Louis Masters"]
[Date "2024.12.06"]
[White "Sevian, Samuel"]
[Black "Kacharava, Nikolozi"]
[WhiteElo "2696"]
[BlackElo "2510"]
[Round "8.4"]
[Result "1-0"]
[TimeControl "5400+30"]

1. c4 c5 2.
Nf3 Nf6 3.
Nc3 Nc6 4.
g3 d5 5.
cxd5 Nxd5 6.
Bg2 Nc7 7.
d3 e5 8. Nd2 Bd7 9. O-O Be7 10. Nc4 f6 11. f4 b5 12. Ne3 O-O 13. fxe5 Nxe5 14. Nf5 Rb8 15. Kh1 Bc6 16. Bxc6 Nxc6 17. Bf4 g6 18. Nxe7+ Qxe7 19. a4 b4 20. Ne4 Ne5 21. Qb3+ Kg7 22. Rac1 Na6 23. a5 Rbc8 24. Qa4 Nb8 25. b3 Nbd7 26. Qb5 Rb8 27. Qa6 f5 28. Qxa7 fxe4 29. Bxe5+ Qxe5 30.
Qxd7+ Kh6 31. a6 exd3 32. Rxf8 Rxf8 33. Qxd3 Rf7 34. Kg2 Kg7 35. Rc4 Re7 36. Rc2 Qe6 37. Rxc5 Qxe2+ 38. Qxe2 Rxe2+ 39. Kf3 Ra2 40. Rc7+ Kf6 41. a7 h5 42. Ke4 Ke6 43. Kd4 Kf5 44. Kc5 Kg4 45. Kb6 Kh3 46. Rg7 1-0

[Site "Europe Echecs"]

[Event "Saint Louis Masters"]
[Date "2024.12.06"]
[White "Donchenko, Alexander"]
[Black "Dudin, Gleb"]
[WhiteElo "2618"]
[BlackElo "2506"]
[Round "8.5"]
[Result "1-0"]
[TimeControl "5400+30"]

1. d4 d5 2.
c4 e6 3. Nc3 Nf6 4. Nf3 Nbd7 5. g3 Be7 6. Bg2 O-O 7. Qd3 b6 8. cxd5 Nxd5 9. O-O Bb7 10. Rd1 c5 11. e4 Nxc3 12.
bxc3 Rc8 13.
a4 h6 14.
Bf4 Re8 15.
d5 exd5 16.
exd5 Bf6 17.
Qc4 Nf8 18.
a5 Qd7 19.
axb6 axb6 20. Rab1 Rcd8 21. Qb3 b5 22. c4 b4 23. Be3 Qc7 24. Nd2 Nd7 25. Ne4 Ba6 26. Qa2 Qb6 27. h4 Be5 28. g4 Ra8 29. Qe2 Rac8 30. Qa2 Bb7 31. g5 f5 32. Bh3 Qg6 33. Qe2 Rf8 34. h5 Qe8 35. f4 fxe4 36. Be6+ Kh8 37. Qg4 Bd4 38. Rxd4 cxd4 39. Bxd4 Rc7 40. d6 Nc5 41. f5 Nxe6 42. fxe6 Kh7 43. dxc7 e3 44. gxh6 Rg8 45. Bxg7 1-0

[Site "Europe Echecs"]

[Event "Saint Louis Masters"]
[Date "2024.12.06"]
[White "Zhou, Jianchao"]
[Black "Cordova, Emilio"]
[WhiteElo "2572"]
[BlackElo "2531"]
[Round "8.6"]
[Result "1-0"]
[TimeControl "5400+30"]

1. d4 Nf6 2.
c4 e6 3. Nf3 Bb4+ 4. Nbd2 b6 5. a3 Bxd2+ 6.
Qxd2 Bb7 7.
e3 O-O 8.
Be2 d5 9. b3 Nbd7 10. O-O c5 11. Bb2 Rc8 12. Rfc1 Qe7 13. a4 a5 14. Qe1 Rfd8 15. h3 h6 16. Ra2 Ne4 17. Bf1 dxc4 18.
bxc4 Nb8 19.
Nd2 Nxd2 20.
Qxd2 Nc6 21.
Rd1 Qg5 22.
Qc3 cxd4 23.
exd4 Ne5 24.
d5 Nxc4 25.
Bxc4 Bxd5 26. Rxd5 exd5 27. f4 Qg6 28. Bd3 Rxc3 29. Bxg6 Rc4 30. Bd3 Rxf4 31. Be5 Rb4 32. Bb5 Rc8 33. Kh2 Rc1 34. Rd2 Rc5 35. Bd7 Re4 36. Bd4 Rc7 37. Bf5 Rc4 38. Bxb6 Re8 39. Bd7 Rb8 40. Bg1 Rd8 41. Bb5 Rb4 42. Bc5 Re4 43. Bb6 Rb8 44. Bxa5 Ra8 45. Bb6 Rexa4 46. Bxa4 Rxa4 47. Rxd5 f6 48. Kg3 Rb4 49. Be3 Rb7 50. h4 Kh7 51. h5 Rb3 52. Kf3 Ra3 53. Kf2 Ra4 54. g3 Rb4 55. Bf4 Rb3 56. Rc5 Ra3 57. Kg2 Ra2+ 58. Kh3 Ra4 59. Kg4 g5 60. hxg6+ Kxg6 61. Rh5 Kg7 62. Rh4 Rb4 63. Kh3 Rb1 64. Bxh6+ Kg6 65. Bf4 Rb5 66. Kg4 Ra5 67. Rh6+ Kg7 68. Rh5 Ra4 69. Rd5 Kg6 70. Kf3 Rb4 71. Be3 Ra4 72. Bd4 Ra6 73. Rb5 Ra3+ 74. Kg2 Ra2+ 75. Kh3 Rd2 76. Bb2 Rf2 77. Rb6 Kg5 78. Bxf6+ Rxf6 79. Rxf6 Kxf6 80. Kh4 1-0

[Site "Europe Echecs"]

[Event "Saint Louis Masters"]
[Date "2024.12.06"]
[White "Nyzhnyk, Illya"]
[Black "Shankland, Sam"]
[WhiteElo "2564"]
[BlackElo "2672"]
[Round "8.7"]
[Result "0-1"]
[TimeControl "5400+30"]

1. e4 c5 2.
Nf3 d6 3.
Bb5+ Nd7 4.
O-O a6 5.
Bxd7+ Bxd7 6. c3 e6 7.
d4 Ne7 8.
dxc5 dxc5 9.
Qe2 Ng6 10.
Rd1 Qc7 11.
Nbd2 Be7 12.
g3 Bc6 13.
b3 h5 14.
Bb2 h4 15.
c4 O-O-O 16.
e5 b6 17.
Ne4 Bb7 18.
Rxd8+ Rxd8 19. Re1 Qc6 20. Qe3 Kb8 21. Kf1 Ka7 22. Nfd2 hxg3 23. hxg3 Qc7 24. Nf3 Qd7 25. Ke2 f5 26. exf6 gxf6 27. Bxf6 Bxf6 28. Nxf6 Qg7 29. Ne4 Qb2+ 30. Kf1 Qxa2 31. Qc3 Qa3 32. Ra1 Qb4 33. Qe3 Bxe4 34. Qxe4 Qxb3 35. Kg2 Qd3 36. Qxe6 a5 37. Rh1 Rf8 38. Ng5 Qf5 39. Qxf5 Rxf5 40. Ne6 Re5 41. Rh7+ Kb8 42. Nd8 Kc8 43. Nc6 Re6 44. Na7+ Kb8 45. f4 Rf6 46. Kf3 Ne5+ 47. Ke4 Nxc4 48. Nb5 a4 49. g4 a3 50. Nxa3 Nxa3 51. g5 Rd6 52. f5 Rd4+ 53. Ke5 Nc4+ 54. Ke6 Rd6+ 55. Ke7 Kc7 56. g6 Ne3 57. Kf8+ Kd8 0-1

[Site "Europe Echecs"]

[Event "Saint Louis Masters"]
[Date "2024.12.06"]
[White "Saric, Ivan"]
[Black "Kantor, Gergely"]
[WhiteElo "2669"]
[BlackElo "2550"]
[Round "8.8"]
[Result "1-0"]
[TimeControl "5400+30"]

1. e4 e5 2.
Nf3 Nc6 3.
Bc4 Nf6 4.
d3 Bc5 5. a4 a5 6. Be3 Bxe3 7. fxe3 d6 8. Nc3 Be6 9. Bxe6 fxe6 10. d4 d5 11. Nxe5 Nxe5 12.
dxe5 Nxe4 13. Nxe4 dxe4 14. Qh5+ g6 15. Qg4 Qd5 16. Rd1 Qxe5 17. O-O Rd8 18. Rxd8+ Kxd8 19. Rf7 Ke8 20. Rf4 Kd7 21. c3 Re8 22. Qh4 Qg7 23. Qg5 e5 24. Qg4+ Kd8 25. Rf1 c6 26. Qxe4 Kc8 27. Qc4 Qd7 28. Qc5 Qd5 29. Qa7 Kc7 30. h3 e4 31. b4 axb4 32. cxb4 Re7 33. a5 Re8 34. a6 Rb8 35. b5 Qd6 36. Rf7+ Kd8 37. Rf8+ Qxf8 38. Qxb8+ 1-0

[Site "Europe Echecs"]

[Event "Saint Louis Masters"]
[Date "2024.12.06"]
[White "Mishra, Abhimanyu"]
[Black "Batsuren, Dambasuren"]
[WhiteElo "2616"]
[BlackElo "2531"]
[Round "8.9"]
[Result "1/2-1/2"]
[TimeControl "5400+30"]

1. e4 e5 2.
Nf3 Nc6 3.
Bc4 Nf6 4.
d3 Bc5 5. c3 d6 6. O-O h6 7. Re1 O-O 8. Nbd2 Bb6 9. b4 a5 10. b5 Ne7 11. a4 Ng6 12. d4 Re8 13. Ba3 Be6 14. Bf1 Bg4 15. Qc2 d5 16. exd5 e4 17. Nxe4 Bxf3 18.
gxf3 Nh4 19.
Qd3 Nxd5 20.
f4 Nxf4 21.
Qg3 1/2-1/2

[Site "Europe Echecs"]

[Event "Saint Louis Masters"]
[Date "2024.12.06"]
[White "Kevlishvili, Robby"]
[Black "Theodorou, Nikolas"]
[WhiteElo "2556"]
[BlackElo "2600"]
[Round "8.10"]
[Result "1/2-1/2"]
[TimeControl "5400+30"]

1. e4 e5 2.
Nf3 Nc6 3.
Bc4 Bc5 4.
c3 Nf6 5. d4 exd4 6. e5 d5 7. Bb5 Ne4 8. cxd4 Bb6 9. Be3 O-O 10. Nc3 Bg4 11. Rc1 Ne7 12. h3 Bh5 13. g4 Bg6 14. h4 c6 15. Bd3 c5 16. h5 cxd4 17.
Bxd4 Nxc3 18. Bxc3 Bxd3 19. Qxd3 Nc6 20. Qf5 Ne7 21. Qd3 Nc6 22. Qf5 Ne7 1/2-1/2

[Site "Europe Echecs"]

[Event "Saint Louis Masters"]
[Date "2024.12.07"]
[White "Caruana, Fabiano"]
[Black "Donchenko, Alexander"]
[WhiteElo "2805"]
[BlackElo "2618"]
[Round "9.1"]
[Result "0-1"]
[TimeControl "5400+30"]

1. e4 c5 2.
Nf3 d6 3.
Bb5+ Nd7 4.
O-O a6 5.
Be2 Ngf6 6.
d3 g6 7. c4 Bg7 8. Nc3 e5 9. Ne1 Nf8 10. f4 exf4 11.
Bxf4 Ne6 12.
Be3 O-O 13.
Qd2 b5 14.
Rd1 Rb8 15.
b3 b4 16.
Na4 Bd7 17.
e5 Ne8 18.
exd6 Bxa4 19. bxa4 Bc3 20. Qc1 Nxd6 21. Bg4 f5 22. Bf3 f4 23. Bd2 Bxd2 24. Qxd2 Nd4 25. Bd5+ Kg7 26. Nf3 Qf6 27. Kh1 Rbe8 28. Nxd4 Qxd4 29. a5 g5 30. Qc2 Nf5 31. Qa4 Rf6 32. h3 Ng3+ 33. Kh2 Nxf1+ 34. Rxf1 Re7 35. Qd1 Qe5 36. Kh1 Qe2 37. Qa1 Qxd3 38. Bf3 Qxc4 39. Rc1 Qd4 40. Qb1 Rfe6 41. Rf1 Qc3 42. Qf5 Re5 43. Qg4 Qd3 44. Rd1 Qf5 45. Qxf5 Rxf5 46. Rd6 c4 0-1

[Site "Europe Echecs"]

[Event "Saint Louis Masters"]
[Date "2024.12.07"]
[White "Robson, Ray"]
[Black "Can, Isik"]
[WhiteElo "2700"]
[BlackElo "2499"]
[Round "9.4"]
[Result "1/2-1/2"]
[TimeControl "5400+30"]

1. d4 d5 2.
c4 c6 3. Nf3 Nf6 4. h3 e6 5. e3 Nbd7 6. Nbd2 c5 7. cxd5 Nxd5 8. e4 Nc7 9. Nb3 cxd4 10.
Qxd4 Nf6 11.
Qxd8+ Kxd8 12. Bd3 Na6 13. a3 Nc5 14. Nxc5 Bxc5 15. Bf4 Ke7 16. Rc1 Bb6 17. Ne5 Rd8 18. Ke2 Bd7 19. Bd2 a5 20. b4 Ba4 21. Nc4 Bb5 22. Nxb6 Rxd3 23. a4 Rad8 24. Be3 Rd2+ 25. Kf3 Be2+ 26. Kg3 Nxe4+ 27. Kh2 Ra2 28. b5 e5 29. Rc7+ Ke6 30. Rxb7 Rc2 31. Ra7 f5 32. f4 exf4 33. Bxf4 g5 1/2-1/2

[Site "Europe Echecs"]